[Event "Titled Tuesday Blitz March 07 Early 2023"]
[White "Kislov, Oleg"]
[Black "Zhukova, Natalia"]
[WhiteFideId "13503774"]
[BlackFideId "14101513"]
[WhiteElo "2186"]
[BlackElo "2297"]
[Result "1/2-1/2"]
[Round "09"]
[TimeControl "180+2"]
[Date "2023.03.07"]
[WhiteClock "0:00:30"]
[BlackClock "0:00:08"]

1. d4 Nf6 2. Nc3 d5 3. Bg5 Nbd7 4. Nf3 h6 5. Bf4 a6 6. e3 e6 7. Bd3 c5 8. O-O c4 9. Be2 Bb4 10. Ne5 O-O 11. Nb1 Nxe5 12. Bxe5 Nd7 13. Bg3 Qe7 14. c3 Bd6 15. Nd2 e5 16. dxe5 Nxe5 17. Nf3 Nxf3+ 18. Bxf3 Bxg3 19. hxg3 Be6 20. Qd4 Rfd8 21. Rad1 Rac8 22. Rd2 Bf5 23. Rfd1 Bd3 24. Be2 Be4 25. Re1 Qg5 26. Bd1 h5 27. Bc2 h4 28. f3 Qxg3 29. Rf1 Bxc2 30. Rxc2 h3 31. Qg4 Qxg4 32. fxg4 hxg2 33. Kxg2 Re8 34. Kf3 Rc6 35. Rd1 Rf6+ 36. Ke2 Rfe6 37. Rxd5 Rxe3+ 38. Kf2 R3e4 39. Rd4 Rxd4 40. cxd4 Re4 41. Rxc4 Rxg4 42. Ke3 Rg6 43. d5 Kf8 44. Re4 Rb6 45. b3 f5 46. Re5 g6 47. Kf4 Kf7 48. Kg5 Rb4 49. Re6 Rg4+ 50. Kh6 Rh4+ 51. Kg5 Rg4+ 52. Kh6 Rh4+ 53. Kg5 Rh5+ 54. Kf4 Rh4+ 55. Kg5 1/2-1/2


[Site "https://www.chess.com"]

[Event "Titled Tuesday Blitz March 07 Early 2023"]
[White "Kozin, Yuri"]
[Black "Slade, Theodore"]
[WhiteFideId "4129920"]
[BlackFideId "426547"]
[WhiteElo "2513"]
[BlackElo "1964"]
[Result "0-1"]
[Round "09"]
[TimeControl "180+2"]
[Date "2023.03.07"]
[WhiteClock "0:00:22"]
[BlackClock "0:00:38"]

1. e4 e5 2. Nf3 Nc6 3. Bb5 Nf6 4. d3 Bc5 5. O-O Nd4 6. Ba4 Nxf3+ 7. Qxf3 O-O 8. Nc3 c6 9. Be3 Bxe3 10. fxe3 a5 11. Bb3 b5 12. a4 b4 13. Ne2 d5 14. exd5 cxd5 15. Ng3 Bg4 16. Qf2 Rc8 17. h3 Be6 18. Nf5 Qd7 19. Nh4 h6 20. Nf3 Qd6 21. Qg3 Nd7 22. d4 f6 23. Nh4 Nb6 24. Ng6 Rfe8 25. dxe5 fxe5 26. Qxe5 Qxe5 27. Nxe5 Bxh3 28. Nf7 Rc7 29. gxh3 Rxf7 30. Rxf7 Kxf7 31. Rd1 Rxe3 32. Bxd5+ Nxd5 33. Rxd5 Rxh3 34. Rxa5 b3 35. c3 Rd3 36. Rb5 Rd1+ 37. Kf2 Rd2+ 38. Ke3 Rxb2 39. a5 Ra2 40. Kd3 b2 41. Kc2 Kg6 42. Kb1 Ra4 43. Kxb2 h5 44. Kb3 Ra1 45. Rb6+ Kg5 46. Rb7 Rb1+ 47. Kc4 Rxb7 0-1


[Site "https://www.chess.com"]

[Event "Titled Tuesday Blitz March 07 Early 2023"]
[White "Leve, Nitai"]
[Black "Lehtosaari, Mauri"]
[WhiteFideId "2006898"]
[BlackFideId "501999"]
[WhiteElo "2144"]
[BlackElo "2511"]
[Result "0-1"]
[Round "09"]
[TimeControl "180+2"]
[Date "2023.03.07"]
[WhiteClock "0:00:06"]
[BlackClock "0:00:46"]

1. e4 c5 2. Nf3 e6 3. d4 cxd4 4. Nxd4 Qb6 5. Nb3 Qc7 6. Nc3 a6 7. Bd3 Nf6 8. O-O d6 9. Bg5 Be7 10. f4 b5 11. f5 b4 12. Ne2 e5 13. Ng3 Bb7 14. Bxf6 Bxf6 15. Nh5 Nd7 16. a3 bxa3 17. Rxa3 a5 18. Kh1 a4 19. Nd2 Qb6 20. Nc4 Qc5 21. Nxf6+ Nxf6 22. Nxd6+ Qxd6 23. Bb5+ Ke7 24. Rd3 Qc7 25. c4 Rhd8 26. Rxd8 Rxd8 27. Qxa4 Bxe4 28. Qa3+ Qd6 29. c5 Qc7 30. c6+ Qd6 31. c7 Rc8 32. Rc1 Qxa3 33. bxa3 Kd6 34. a4 Rxc7 35. Rd1+ Kc5 36. h3 Bc6 37. Rc1+ Kb6 38. Bxc6 Rxc6 39. a5+ Kc7 40. Re1 e4 41. g4 h6 42. Kg2 Ra6 43. Kg3 Rxa5 44. Kf4 Ra4 45. h4 Kd6 46. g5 Nd5+ 47. Kg4 hxg5 48. Kxg5 Ke5 49. h5 Ra2 0-1


[Site "https://www.chess.com"]

[Event "Titled Tuesday Blitz March 07 Early 2023"]
[White "Vaglio Munoz, Jaime"]
[Black "Erzhanov, Arman"]
[WhiteFideId "6500145"]
[BlackFideId "4138821"]
[WhiteElo "2199"]
[BlackElo "2138"]
[Result "1-0"]
[Round "09"]
[TimeControl "180+2"]
[Date "2023.03.07"]
[WhiteClock "0:01:05"]
[BlackClock "0:00:57"]

1. Nf3 d6 2. d4 g6 3. e4 Bg7 4. c3 c6 5. Bd3 Nd7 6. O-O e5 7. Re1 Ngf6 8. h3 O-O 9. Nbd2 Re8 10. b3 Qc7 11. Bb2 b5 12. c4 a6 13. Rc1 b4 14. c5 d5 15. exd5 Nxd5 16. Nc4 f6 17. Nd6 Rf8 18. Bc4 Kh8 19. Bxd5 cxd5 20. dxe5 Nxe5 21. Nxe5 fxe5 22. Qxd5 Bd7 23. Nf7+ Rxf7 24. Qxf7 Rf8 25. Bxe5 Rxf7 26. Bxc7 Bc3 27. Be5+ Bxe5 28. Rxe5 Bc6 29. Re6 Rc7 30. Rce1 Bb5 31. R1e5 Kg8 32. Re7 Rc6 33. Rb7 h5 34. Re8# 1-0


[Site "https://www.chess.com"]

[Event "Titled Tuesday Blitz March 07 Early 2023"]
[White "Szente Varga, Fruzsina"]
[Black "Degenbaev, Aziz"]
[WhiteFideId "712264"]
[BlackFideId "13802640"]
[WhiteElo "1994"]
[BlackElo "2152"]
[Result "0-1"]
[Round "09"]
[TimeControl "180+2"]
[Date "2023.03.07"]
[WhiteClock "0:00:07"]
[BlackClock "0:00:04"]

1. e4 c5 2. Nf3 d6 3. d4 cxd4 4. Qxd4 a6 5. c4 Nc6 6. Qe3 g6 7. Nc3 Bg7 8. Bd3 Nf6 9. Bd2 O-O 10. O-O Ng4 11. Qe2 Nge5 12. Nxe5 Nxe5 13. Bc2 Be6 14. b3 Rc8 15. Rad1 b5 16. cxb5 axb5 17. Qxb5 Nc4 18. Be1 Na3 19. Qd3 Bxc3 20. Bxc3 Qc7 21. Bb2 Nxc2 22. Rc1 f6 23. Rfd1 Nb4 24. Rxc7 Nxd3 25. Rxc8 Rxc8 26. Rxd3 Rc2 27. Rd1 Rxb2 28. Ra1 Kf7 29. g3 Bc8 30. Kg2 Bb7 31. Kf3 f5 32. Ke3 Bxe4 33. f3 Bb7 34. h4 e5 35. f4 Ke6 36. fxe5 dxe5 37. Kd3 Rg2 38. a4 e4+ 39. Kd4 Rd2+ 40. Kc5 e3 41. Re1 e2 42. a5 Ba6 43. b4 Rd1 44. b5 Bxb5 45. Kxb5 Rxe1 0-1


[Site "https://www.chess.com"]

[Event "Titled Tuesday Blitz March 07 Early 2023"]
[White "surrenderPLS"]
[Black "Garrido, Denis"]
[BlackFideId "601217"]
[WhiteElo "2500"]
[BlackElo "2262"]
[Result "0-1"]
[Round "09"]
[TimeControl "180+2"]
[Date "2023.03.07"]
[WhiteClock "0:00:28"]
[BlackClock "0:01:12"]

1. e4 c5 2. Nf3 d6 3. d4 cxd4 4. Nxd4 Nf6 5. Nc3 Nc6 6. Bg5 e6 7. Qd3 Bd7 8. O-O-O a6 9. f4 Be7 10. Be2 Qa5 11. Qg3 Nxd4 12. Rxd4 Rc8 13. e5 dxe5 14. fxe5 Rxc3 15. bxc3 Ba3+ 16. Kd2 Nd5 17. Bc4 Bc6 18. Bb3 Bb2 19. Bxd5 Bxd5 20. Rxd5 Qxd5+ 21. Qd3 Qxg2+ 22. Ke3 Qxg5+ 23. Kf3 O-O 24. Rb1 Qh5+ 25. Kg2 Ba3 26. Rxb7 Qxe5 0-1


[Site "https://www.chess.com"]

[Event "Titled Tuesday Blitz March 07 Early 2023"]
[White "Estrada Nieto, Julian"]
[Black "Larina, Maria"]
[WhiteFideId "5101018"]
[BlackFideId "24113182"]
[WhiteElo "2176"]
[BlackElo "1848"]
[Result "0-1"]
[Round "09"]
[TimeControl "180+2"]
[Date "2023.03.07"]
[WhiteClock "0:00:09"]
[BlackClock "0:00:12"]

1. e4 c6 2. d4 d5 3. Nc3 dxe4 4. Nxe4 Nf6 5. Nxf6+ exf6 6. c3 Bd6 7. Bd3 O-O 8. Ne2 Re8 9. Qc2 h5 10. h3 h4 11. O-O Nd7 12. Bd2 Nf8 13. Rae1 Be6 14. Kh1 Bc7 15. f4 Qd5 16. c4 Qh5 17. Ng1 Bd7 18. Be4 f5 19. Bd3 Ne6 20. d5 Nd4 21. Qd1 Qg6 22. Nf3 Nxf3 23. Qxf3 cxd5 24. cxd5 Bd6 25. Bc3 Rxe1 26. Rxe1 Re8 27. Rxe8+ Bxe8 28. Qe3 Bd7 29. Be5 Bf8 30. Be2 Qg3 31. Qxg3 hxg3 32. Bf3 f6 33. Bd4 b6 34. Kg1 Kf7 35. Kf1 Bb5+ 36. Be2 Bd7 37. Bd3 Bd6 38. Be3 g5 39. fxg5 f4 40. g6+ Kg7 41. Bd4 Be5 42. Bc3 Be8 43. Ke2 Bxg6 44. Bxe5 fxe5 45. Bxg6 Kxg6 46. Kf3 Kf5 47. d6 e4+ 48. Ke2 Ke6 49. h4 Kxd6 50. Kd2 f3 51. gxf3 exf3 52. Ke3 g2 53. Kf2 Ke5 54. b4 b5 55. a3 Kf4 56. Kg1 Kg3 0-1


[Site "https://www.chess.com"]

[Event "Titled Tuesday Blitz March 07 Early 2023"]
[White "Hoffmann, Asa"]
[Black "Zahid, Sanatan"]
[WhiteFideId "2001470"]
[BlackFideId "10201963"]
[WhiteElo "2117"]
[BlackElo "1865"]
[Result "0-1"]
[Round "09"]
[TimeControl "180+2"]
[Date "2023.03.07"]
[WhiteClock "0:00:02"]
[BlackClock "0:02:20"]

1. d4 Nf6 2. Bg5 b6 3. f3 d5 4. c4 e6 5. Nc3 c6 6. e4 dxe4 7. fxe4 h6 8. Bh4 g5 9. Bg3 Bg7 10. e5 Nfd7 11. Ne4 O-O 12. h4 f5 13. Nd6 g4 14. Bf4 Na6 15. Qd2 Kh7 16. Ne2 Nc7 17. Ng3 Kg6 18. Bd3 Ne8 19. h5+ Kh7 20. Ndxf5 exf5 21. Nxf5 Nxe5 22. Nxh6+ Nxd3+ 23. Qxd3+ Kh8 24. g3 Qxd4 25. Qxd4 Bxd4 26. O-O-O Bg7 27. Rd8 Nf6 28. Rxf8+ Bxf8 29. Nf7+ Kg7 30. Ne5 Bf5 31. Nxc6 Rc8 32. Ne5 Kh7 33. Rd1 Be7 34. b3 Ba3+ 0-1


[Site "https://www.chess.com"]

[Event "Titled Tuesday Blitz March 07 Early 2023"]
[White "Starozhilov, Leonid"]
[Black "Pein, Jonathan"]
[WhiteFideId "14106752"]
[BlackFideId "417092"]
[WhiteElo "2402"]
[BlackElo "2151"]
[Result "1-0"]
[Round "09"]
[TimeControl "180+2"]
[Date "2023.03.07"]
[WhiteClock "0:00:13"]
[BlackClock "0:00:18"]

1. e4 d6 2. d4 Nf6 3. Nc3 Nc6 4. Be3 Ng4 5. Bg5 h6 6. Bh4 g5 7. Bg3 e5 8. Bb5 exd4 9. Bxc6+ bxc6 10. Qxd4 Qf6 11. Nge2 Bg7 12. Qxf6 Bxf6 13. O-O-O h5 14. h3 Ne5 15. h4 Rb8 16. hxg5 Bg7 17. f3 Ba6 18. Nd4 Nc4 19. b3 Ne3 20. Rd2 c5 21. Nde2 Nxg2 22. Nd5 Kd7 23. Rg1 h4 24. Bh2 h3 25. c4 Nh4 26. Rd3 Rbe8 27. Nec3 Ng6 28. f4 Be5 29. fxe5 Nxe5 30. Nf6+ Ke6 31. Rdg3 Rd8 32. Ncd5 Bb7 33. Nxc7+ Ke7 34. Ncd5+ Kf8 35. Kd2 Rh4 36. Re3 Rf4 37. Bxf4 Ng6 38. Bh2 Bc8 39. Rgg3 Be6 40. Rxh3 a5 41. a4 Rb8 42. Kc2 Kg7 43. Rh6 Nf8 44. Bxd6 Rd8 45. Bxf8+ Rxf8 46. Rh7+ Kg6 47. Rh6+ Kxg5 48. Reh3 Bxh3 49. Rxh3 Rd8 50. Kc3 Kg6 51. Rd3 Rh8 52. Ng4 Rh1 53. Ne5+ Kg7 54. Nd7 Rc1+ 55. Kb2 Re1 56. Nxc5 Kg6 57. Rd2 f5 58. exf5+ Kxf5 59. Nb7 Ke6 60. Rc2 Kd7 61. Nxa5 Kd6 62. b4 Kd7 63. Nb3 Kc8 64. Nc3 Kb7 65. a5 Re4 66. Nxe4 Ka6 67. b5+ Ka7 68. c5 Ka8 69. Rh2 Ka7 70. Rh7+ Ka8 71. Kc3 1-0


[Site "https://www.chess.com"]

[Event "Titled Tuesday Blitz March 07 Early 2023"]
[White "Matutururu, Maxman"]
[Black "Oro, Faustino"]
[WhiteFideId "11004487"]
[BlackFideId "20000197"]
[WhiteElo "2409"]
[BlackElo "1984"]
[Result "1-0"]
[Round "09"]
[TimeControl "180+2"]
[Date "2023.03.07"]
[WhiteClock "0:00:18"]
[BlackClock "0:00:01"]

1. d4 Nf6 2. c4 e6 3. Nc3 Bb4 4. Nf3 O-O 5. Bg5 d5 6. cxd5 exd5 7. e3 c6 8. Bd3 Nbd7 9. O-O Re8 10. Qc2 h6 11. Bh4 Be7 12. h3 Nf8 13. Bg3 Be6 14. Rab1 a5 15. a3 Bd6 16. Ne5 Qe7 17. f4 c5 18. Nb5 c4 19. Nxd6 Qxd6 20. Be2 Ne4 21. Bh2 Bf5 22. g4 Bh7 23. f5 Qa6 24. Bxc4 dxc4 25. Qxe4 Rad8 26. Qc2 b5 27. a4 Nd7 28. axb5 Qxb5 29. Nxc4 Rc8 30. b3 Nb6 31. Rfe1 a4 32. Nd6 Rxc2 33. Nxb5 axb3 34. Rxb3 Nd5 35. e4 Nf6 36. Nd6 Rd8 37. e5 Nd5 38. Rb7 Nc3 39. e6 fxe6 40. fxe6 Ne2+ 41. Kh1 Kf8 42. e7+ 1-0


[Site "https://www.chess.com"]

[Event "Titled Tuesday Blitz March 07 Early 2023"]
[White "Bews, Steven"]
[Black "Markus, Robert"]
[WhiteFideId "2400529"]
[BlackFideId "921637"]
[WhiteElo "2576"]
[BlackElo "2623"]
[Result "1-0"]
[Round "09"]
[TimeControl "180+2"]
[Date "2023.03.07"]
[WhiteClock "0:02:18"]
[BlackClock "0:00:51"]

1. e4 c5 2. Nf3 d6 3. Nc3 g6 4. d4 cxd4 5. Nxd4 Bg7 6. Be3 Nc6 7. Be2 Nf6 8. O-O O-O 9. Kh1 Qa5 10. Nb3 Qd8 11. f4 Bd7 12. Qd2 a6 13. Rad1 b5 14. Bf3 Rc8 15. Qe2 Qc7 16. g4 e5 17. g5 Nh5 18. Nd5 Qd8 19. Bxh5 gxh5 20. f5 f6 21. Qxh5 fxg5 22. Bxg5 Qe8 23. Qh4 Qf7 24. f6 Bh8 25. Bh6 Qe6 26. Rg1+ Kf7 27. Bxf8 Rxf8 28. Qxh7+ Ke8 29. Nc7+ Kd8 30. Nxe6+ Bxe6 31. Rxd6+ 1-0


[Site "https://www.chess.com"]

[Event "Titled Tuesday Blitz March 07 Early 2023"]
[White "Szyszylo, Rafal"]
[Black "Belov, Alexei"]
[WhiteFideId "1109626"]
[BlackFideId "4128206"]
[WhiteElo "1951"]
[BlackElo "2555"]
[Result "1-0"]
[Round "09"]
[TimeControl "180+2"]
[Date "2023.03.07"]
[WhiteClock "0:01:20"]
[BlackClock "0:01:36"]

1. e4 e6 2. d4 d5 3. e5 c5 4. c3 Qb6 5. Nf3 Nc6 6. Be2 cxd4 7. cxd4 Nh6 8. Bxh6 Qxb2 9. Nbd2 gxh6 10. O-O Bg7 11. Nb3 O-O 12. Nc5 b6 13. Nd3 Qa3 14. Nf4 f6 15. exf6 Rxf6 16. Nh5 Rf7 17. Nxg7 Rxg7 18. Rc1 Bd7 19. Bb5 Nd8 20. Bxd7 Rxd7 21. Ne5 Rg7 22. Qh5 Qxa2 23. Qe8# 1-0


[Site "https://www.chess.com"]

[Event "Titled Tuesday Blitz March 07 Early 2023"]
[White "Topalov, Aleksandar"]
[Black "Pinheiro, Iung Alicio de O."]
[WhiteFideId "925659"]
[BlackFideId "2104350"]
[WhiteElo "2151"]
[BlackElo "2283"]
[Result "1-0"]
[Round "09"]
[TimeControl "180+2"]
[Date "2023.03.07"]
[WhiteClock "0:00:25"]
[BlackClock "0:00:03"]

1. b3 d5 2. Bb2 Bg4 3. g3 e6 4. Bg2 Nf6 5. Nf3 Nbd7 6. O-O Bd6 7. d3 Bxf3 8. exf3 Be5 9. d4 Bd6 10. Nd2 O-O 11. c4 c6 12. f4 Qe7 13. a3 a5 14. Re1 Qd8 15. Qf3 g6 16. Rab1 Re8 17. h4 h5 18. Bh3 Bf8 19. Qd3 Bg7 20. Nf3 a4 21. c5 axb3 22. Qxb3 b5 23. Ne5 Nxe5 24. fxe5 Ne4 25. Qc2 g5 26. hxg5 Qxg5 27. Bg2 f5 28. exf6 Nxf6 29. Re5 Qh6 30. Rbe1 Kf7 31. Bh3 Ng4 32. R5e2 Bf6 33. Qd3 Rg8 34. Rxe6 h4 35. Bxg4 Rxg4 36. Qf3 Rg6 37. Bc1 Qg7 38. Re7+ Kg8 39. Rxg7+ Bxg7 40. Qh5 Rf6 41. Bg5 Rf5 42. Qxh4 Raf8 43. Be3 1-0


[Site "https://www.chess.com"]

[Event "Titled Tuesday Blitz March 07 Early 2023"]
[White "Harriott, Tyrell"]
[Black "Turzo, Attila"]
[WhiteFideId "2086484"]
[BlackFideId "704954"]
[WhiteElo "2107"]
[BlackElo "2518"]
[Result "1/2-1/2"]
[Round "09"]
[TimeControl "180+2"]
[Date "2023.03.07"]
[WhiteClock "0:00:41"]
[BlackClock "0:00:10"]

1. d4 Nf6 2. e3 c5 3. f4 g6 4. Bd3 Bg7 5. c3 d5 6. Nf3 O-O 7. O-O b6 8. Nbd2 Ba6 9. Bxa6 Nxa6 10. b3 Nc7 11. Bb2 Rc8 12. Ne5 Nb5 13. f5 cxd4 14. cxd4 Nd6 15. fxg6 hxg6 16. Rf2 Nfe4 17. Rf3 Nxd2 18. Qxd2 Qc7 19. Ba3 Qc3 20. Qxc3 Rxc3 21. Bxd6 exd6 22. Nd7 Rd8 23. Nf6+ Bxf6 24. Rxf6 Rxe3 25. Raf1 Rd7 26. Rd1 Re2 27. Rf2 Rxf2 28. Kxf2 Rc7 29. Rd2 Rc3 30. Ke2 f5 31. Kf2 Kf7 32. Ke2 Kf6 33. Rd3 Rc1 34. Rd2 f4 35. Kd3 g5 36. Ke2 Kf5 37. Kd3 Re1 38. Rc2 Re3+ 39. Kd2 Ke4 40. Rc7 a5 41. Rg7 a4 42. bxa4 Ra3 43. Rxg5 Rxa2+ 44. Kc3 Ra3+ 45. Kb4 Ra1 46. Kb5 Rb1+ 47. Kc6 Kxd4 48. Kxd6 Ke4 49. Rxd5 Rb2 50. Rg5 Rb4 51. Kc6 Rxa4 52. Kxb6 Rc4 53. h4 Rc8 54. h5 f3 55. gxf3+ Kxf3 56. h6 Kf4 57. Rg1 Rh8 58. Rg6 Kf5 59. Rc6 Kg5 1/2-1/2


[Site "https://www.chess.com"]

[Event "Titled Tuesday Blitz March 07 Early 2023"]
[White "Bilan, Danila"]
[Black "Seletsky, Grigory"]
[WhiteFideId "24161918"]
[BlackFideId "14112191"]
[WhiteElo "2182"]
[BlackElo "2490"]
[Result "1-0"]
[Round "09"]
[TimeControl "180+2"]
[Date "2023.03.07"]
[WhiteClock "0:00:26"]
[BlackClock "0:01:41"]

1. d4 d6 2. Nf3 Nd7 3. g3 e5 4. Bg2 e4 5. Nfd2 d5 6. c4 c6 7. Nc3 Ndf6 8. O-O Bd6 9. cxd5 cxd5 10. f3 exf3 11. Bxf3 Ne7 12. e4 dxe4 13. Ndxe4 Nxe4 14. Nxe4 O-O 15. Nxd6 Qxd6 16. Bf4 Qb6 17. Qb3 Be6 18. Qxb6 axb6 19. Bd6 Rfe8 20. Bxb7 Rxa2 21. Rxa2 Bxa2 22. Re1 Kf8 23. Bc6 Be6 24. Bxe8 Kxe8 25. Bxe7 Kxe7 26. d5 1-0


[Site "https://www.chess.com"]

[Event "Titled Tuesday Blitz March 07 Early 2023"]
[White "Vifleemskaia, Svetlana"]
[Black "Ramirez Allo, Eduardo"]
[WhiteFideId "4129490"]
[BlackFideId "2224178"]
[WhiteElo "1930"]
[BlackElo "2491"]
[Result "0-1"]
[Round "09"]
[TimeControl "180+2"]
[Date "2023.03.07"]
[WhiteClock "0:00:13"]
[BlackClock "0:01:35"]

1. d4 Nf6 2. c4 c5 3. d5 b5 4. Qc2 d6 5. e4 g6 6. cxb5 a6 7. Nc3 Bg7 8. Nf3 O-O 9. Bd3 axb5 10. Nxb5 Ba6 11. O-O Nbd7 12. h3 Nxe4 13. Bxe4 Bxb5 14. Bd3 Qb6 15. Bg5 Rfe8 16. Rfe1 Bxd3 17. Qxd3 Ne5 18. Nxe5 Bxe5 19. a4 Qxb2 20. Rab1 Qa2 21. Rb7 c4 22. Qf3 c3 23. Rxe5 dxe5 24. Qxc3 Qxd5 25. Rxe7 Rxe7 26. Bxe7 Qd1+ 27. Kh2 Qd4 28. Qc6 Qxa4 29. Qc7 Qf4+ 0-1


[Site "https://www.chess.com"]

[Event "Titled Tuesday Blitz March 07 Early 2023"]
[White "Kostiukov, Alexandr"]
[Black "Hernandez Sanchez, Elvis De La Caridad"]
[WhiteFideId "14108100"]
[BlackFideId "6400353"]
[WhiteElo "2202"]
[BlackElo "2463"]
[Result "1-0"]
[Round "09"]
[TimeControl "180+2"]
[Date "2023.03.07"]
[WhiteClock "0:00:03"]
[BlackClock "0:00:01"]

1. g3 e5 2. c4 g6 3. Bg2 Bg7 4. Nc3 Ne7 5. Nf3 O-O 6. O-O c6 7. d4 e4 8. Ng5 d5 9. Nh3 Na6 10. Bg5 Be6 11. Nf4 Nc7 12. Bxe7 Qxe7 13. cxd5 cxd5 14. Qb3 Rab8 15. e3 Qd6 16. Rac1 b5 17. f3 exf3 18. Bxf3 Rfd8 19. Nd3 Bh6 20. Rce1 a5 21. Nc5 b4 22. Ne2 Re8 23. Nf4 Bf5 24. Nxd5 Nxd5 25. Qxd5 Qxd5 26. Bxd5 Rxe3 27. Kg2 Rbe8 28. Rxe3 Rxe3 29. g4 Be6 30. Bf3 Bg7 31. d5 Bc8 32. Ne4 Bxb2 33. Nd6 Bd7 34. Bd1 Be5 35. Nxf7 Bb8 36. Nh6+ 1-0


[Site "https://www.chess.com"]

[Event "Titled Tuesday Blitz March 07 Early 2023"]
[White "Mazurkiewicz, Michal"]
[Black "babbilator"]
[WhiteFideId "1124943"]
[WhiteElo "2054"]
[BlackElo "2219"]
[Result "1-0"]
[Round "09"]
[TimeControl "180+2"]
[Date "2023.03.07"]
[WhiteClock "0:01:52"]
[BlackClock "0:00:03"]

1. e4 c5 2. Nf3 e6 3. d3 d5 4. Nbd2 Nc6 5. g3 Nf6 6. Bg2 Be7 7. O-O b5 8. Re1 b4 9. h4 a5 10. c3 bxc3 11. bxc3 Ba6 12. e5 Nd7 13. Nf1 Nb6 14. Bf4 h6 15. Ne3 Rb8 16. Rb1 Qd7 17. h5 a4 18. Qc2 O-O 19. Ng4 d4 20. c4 Nb4 21. Qd2 Bxc4 22. dxc4 Nxc4 23. Qc1 Nb6 24. Rxb4 cxb4 25. Bxh6 Rbc8 26. Qd2 Nc4 27. Qf4 d3 28. Bxg7 Kxg7 29. Qh6+ Kg8 30. Nf6+ Bxf6 31. exf6 1-0


[Site "https://www.chess.com"]

[Event "Titled Tuesday Blitz March 07 Early 2023"]
[White "Fabris, Alberto"]
[Black "Fikiet, Alex"]
[WhiteFideId "801348"]
[BlackFideId "2052717"]
[WhiteElo "2166"]
[BlackElo "2422"]
[Result "1-0"]
[Round "09"]
[TimeControl "180+2"]
[Date "2023.03.07"]
[WhiteClock "0:00:43"]
[BlackClock "0:00:09"]

1. d4 d5 2. Nf3 e6 3. Bf4 Nf6 4. e3 c5 5. c3 Bd6 6. Ne5 Qc7 7. Bd3 Nbd7 8. Nxd7 Bxd7 9. Bxd6 Qxd6 10. Nd2 e5 11. dxe5 Qxe5 12. Nf3 Qe7 13. O-O O-O 14. Re1 Ne4 15. Bxe4 dxe4 16. Nd2 Rad8 17. Qc2 Bc6 18. Rad1 Rd3 19. Nc4 Rfd8 20. Na5 Bd5 21. Nb3 b6 22. Nc1 c4 23. Nxd3 exd3 24. Qd2 f5 25. f3 Re8 26. Qf2 Bb7 27. Qg3 b5 28. a3 a5 29. Qf4 Qc5 30. h4 Bc6 31. Qd4 Qxd4 32. exd4 Kf7 33. Rxe8 Kxe8 34. Kf2 Kf7 35. g3 Kf6 36. Ke3 h6 37. Rg1 g5 38. hxg5+ hxg5 39. Re1 g4 40. fxg4 fxg4 41. Rf1+ Kg5 42. Rf8 Bf3 43. Rb8 1-0


[Site "https://www.chess.com"]

[Event "Titled Tuesday Blitz March 07 Early 2023"]
[White "Dinu, Dumitru-Daniel"]
[Black "Ardila, Oscar Humberto"]
[WhiteFideId "1208403"]
[BlackFideId "4404742"]
[WhiteElo "2240"]
[BlackElo "1911"]
[Result "1-0"]
[Round "09"]
[TimeControl "180+2"]
[Date "2023.03.07"]
[WhiteClock "0:00:17"]
[BlackClock "0:00:03"]

1. e4 e5 2. Nf3 Nf6 3. Nxe5 d6 4. Nf3 Nxe4 5. d3 Nf6 6. d4 Bg4 7. h3 Bh5 8. Bd3 Be7 9. O-O O-O 10. Bf4 Nbd7 11. Nbd2 Re8 12. Re1 Nf8 13. c3 Qd7 14. Qc2 Bg6 15. Re2 Bxd3 16. Qxd3 Ng6 17. Bg3 Nd5 18. Qc2 Ndf4 19. Re3 Bf8 20. Rae1 Rxe3 21. Rxe3 Re8 22. Qd1 Rxe3 23. fxe3 Nh5 24. Bf2 Qe6 25. Ng5 Qxa2 26. Qxh5 h6 27. Ngf3 Qxb2 28. c4 Qa1+ 29. Kh2 c6 30. Ne4 a5 31. Bg3 Qa3 32. Qf5 a4 33. Nfg5 hxg5 34. Nxg5 Qxe3 35. Qxf7+ Kh8 36. Qxg6 Be7 37. Qh7# 1-0


[Site "https://www.chess.com"]

[Event "Titled Tuesday Blitz March 07 Early 2023"]
[White "Djokovic, Nebojsa"]
[Black "Ruge, Edison"]
[WhiteFideId "938300"]
[BlackFideId "4401000"]
[WhiteElo "2562"]
[BlackElo "2175"]
[Result "0-1"]
[Round "09"]
[TimeControl "180+2"]
[Date "2023.03.07"]
[WhiteClock "0:00:07"]
[BlackClock "0:00:10"]

1. e4 e5 2. Nf3 Nc6 3. Bb5 f5 4. d3 fxe4 5. dxe4 Nf6 6. Nc3 Bb4 7. O-O Bxc3 8. bxc3 d6 9. Bc4 Qe7 10. Bg5 Nd8 11. Bh4 Be6 12. Qe2 O-O 13. Rab1 b6 14. Ng5 Bxc4 15. Qxc4+ Kh8 16. f4 h6 17. Nh3 Qf7 18. Qd3 Ne6 19. fxe5 dxe5 20. Bxf6 gxf6 21. Nf2 Nf4 22. Qf3 Rg8 23. g3 Qxa2 24. Kh1 Ng6 25. Qxf6+ Rg7 26. Ng4 Qxc2 27. Rbe1 Rf8 28. Qc6 Rxf1+ 29. Rxf1 Qe2 30. Qe8+ Rg8 31. Qf7 Qxg4 32. Qf6+ Rg7 33. Re1 Qd7 34. Rf1 Kh7 35. h4 Qg4 36. Kh2 Qxe4 37. h5 Ne7 38. Rf3 Qc2+ 39. Kh3 Qe4 40. Kh2 Qg4 41. Re3 Qxh5+ 42. Kg2 Qg5 43. Qf3 Ng6 44. Qe4 Rf7 45. Rd3 Kg7 46. Kh2 Qh5+ 47. Kg2 Qg5 48. Kh2 Qf5 49. Qd5 Nf4 50. gxf4 exf4 51. Qg2+ Kh7 52. Rd5 Qg6 53. Qf3 Qg3+ 54. Qxg3 fxg3+ 55. Kxg3 a5 56. Re5 Kg6 57. Kg4 Kf6 58. Rf5+ Ke6 59. Rh5 Rf6 60. Kg3 Kd6 61. c4 c5 62. Rd5+ Kc6 63. Rh5 a4 64. Kg4 Rd6 65. Kf5 a3 66. Rh3 a2 67. Ra3 Rd2 68. Ke5 h5 69. Kf4 h4 70. Kg4 Rd4+ 71. Kg5 Rxc4 72. Rxa2 b5 73. Ra6+ Kd5 74. Rg6 Re4 75. Kf5 Rc4 76. Rg8 Kd4 77. Rg4+ Kc3 78. Rg1 Kb2 79. Ke5 b4 80. Kd5 Rc2 81. Rg8 b3 82. Rb8 c4 83. Kd4 c3 84. Kc4 Rg2 85. Rxb3+ Kc2 86. Rxc3+ Kd2 87. Rh3 Rg4+ 88. Kd5 Ke2 89. Ke5 Kf2 90. Kf5 Rb4 91. Kg5 Kg2 92. Rxh4 Rb5+ 93. Kh6 Rb6+ 94. Kg7 Rb7+ 95. Kf6 Rb6+ 96. Ke5 Rb5+ 97. Kd6 Rb3 98. Rg4+ Rg3 99. Rg8 Rxg8 0-1


[Site "https://www.chess.com"]

[Event "Titled Tuesday Blitz March 07 Early 2023"]
[White "Borrmann, Laurenz"]
[Black "Prudnykova, Olga"]
[WhiteFideId "312187930"]
[BlackFideId "14121093"]
[WhiteElo "2312"]
[BlackElo "2113"]
[Result "1-0"]
[Round "09"]
[TimeControl "180+2"]
[Date "2023.03.07"]
[WhiteClock "0:00:58"]
[BlackClock "0:00:04"]

1. e4 c5 2. Bc4 e6 3. Nc3 a6 4. a3 b5 5. Ba2 Bb7 6. d3 Nf6 7. Nh3 d5 8. e5 Nfd7 9. f4 Nc6 10. O-O g6 11. Ne2 Be7 12. c4 Nb6 13. cxb5 axb5 14. d4 c4 15. Bd2 b4 16. axb4 Nxb4 17. Bxb4 Bxb4 18. Ng3 O-O 19. Qg4 Kh8 20. Ng5 Be7 21. Qh4 Bxg5 22. fxg5 Ra4 23. Rf4 Qa8 24. Qh6 f5 25. gxf6 Rf7 26. Qh3 Rxa2 27. Rxa2 Qxa2 28. Qxe6 Rf8 29. Qe7 1-0


[Site "https://www.chess.com"]

[Event "Titled Tuesday Blitz March 07 Early 2023"]
[White "Castellanos Villela, Alejandro"]
[Black "MrAnnihilation"]
[WhiteFideId "3446379"]
[WhiteElo "2102"]
[BlackElo "2349"]
[Result "1/2-1/2"]
[Round "09"]
[TimeControl "180+2"]
[Date "2023.03.07"]
[WhiteClock "0:00:02"]
[BlackClock "0:00:03"]

1. Nf3 Nf6 2. b3 g6 3. Bb2 Bg7 4. g3 O-O 5. Bg2 d5 6. c4 c6 7. d3 a5 8. O-O Nbd7 9. d4 Ne4 10. Nc3 Nxc3 11. Bxc3 a4 12. cxd5 cxd5 13. bxa4 Nb6 14. a5 Nc4 15. Ne5 Nxa5 16. Qd3 f6 17. Nf3 Bf5 18. Qb5 Qd7 19. Qxd7 Bxd7 20. Nd2 e6 21. Rfc1 Rfc8 22. Rab1 Bc6 23. Rc2 Bf8 24. Bb4 Bxb4 25. Rxb4 Kf7 26. Kf1 Ke7 27. Ke1 Kd6 28. Kd1 Ra6 29. Kc1 Rca8 30. Kb1 b5 31. e4 Nc4 32. Nxc4+ bxc4 33. exd5 exd5 34. Bf3 Re8 35. Rbb2 Ra3 36. Bg2 Re1+ 37. Rc1 Rxc1+ 38. Kxc1 Rd3 39. Rd2 Ra3 40. Kb2 c3+ 41. Kxa3 cxd2 42. Bf3 Kc7 43. Kb3 Kb6 44. Kc3 Kb5 45. Kxd2 Kb4 46. Bd1 Kc4 47. Ke3 Kc3 48. Bb3 g5 49. h4 h6 50. hxg5 hxg5 51. Bd1 Bd7 52. Bf3 Bc6 53. Bd1 Kb2 54. Bb3 Kc3 55. Bd1 1/2-1/2


[Site "https://www.chess.com"]